 Dungeon Crawl Stone Soup version 0.31-a0-851-g7ff8af7976 (webtiles) character file.

Game seed: 3720351136329167736

679931 Kurtz the Mummy Barricade (level 27, -4/247 HPs)
             Began as a Mummy Delver on Oct 6, 2023.
             Was an Initiate of Gozag.
             Slain by a searing wretch (11 damage)
             ... on level 4 of the Depths on Oct 7, 2023.
             The game lasted 04:23:06 (125754 turns).

Kurtz the Mummy Barricade (Mummy Delver)          Turns: 125754, Time: 04:23:06

Health: -4/247     AC: 46    Str: 14 (23) XL:     27
Magic:  20/23      EV:  8    Int:  9 (13) God:    Gozag
Gold:   145        SH: 31    Dex: 21 (22) Spells: 26/26 levels left

rFire   + . .        q - +9 broad axe (venom)
rCold   + + .        F - +4 tower shield {rPois}
rNeg    + + +        e - +9 scales of the Dragon King {rPois rF+ rC+ Will+}
rPois   ∞            g - +2 helmet {SInv}
rElec   +            J - +2 ratskin cloak {*Rats rPois rN+ Str-1 Int-1 Dex+1}
rCorr   +            B - +2 pair of gloves {infuse}
SInv    +            C - +2 pair of boots {rampage}
Will    +++..        H - amulet of the Voracious Apricot {RegenMP rElec rN+ Will- Int+2} Stlth
                     h - ring "Juipanto" {Fly rF+ rN+ Str-3 Stlth+}
HPRegen 0.61/turn    M - ring "Sewib" {rCorr Str+7 Int-2 Dex+3 Stlth-}
MPRegen 0.58/turn

%: rampage, faith, infuse magic (1 MP)
@: flying, studying Stealth
A: cold resistance 1, negative energy resistance 3, torment resistance 2, heat
vulnerability 1, in touch with death 2, no potions, faith
}: 5/15 runes: serpentine, barnacled, slimy, silver, abyssal
a: Renounce Religion, Potion Petition, Call Merchant, Bribe Branch


You were on level 4 of the Depths.
You worshipped Gozag.
Gozag was aware of your devotion.
You visited 13 branches of the dungeon, and saw 56 of its levels.
You visited the Abyss 13 times.
You visited 1 bazaar.
You also visited: Trove, Ice Cave and Wizlab.

You collected 34413 gold pieces.
You spent 14705 gold pieces at shops.
You paid 19563 gold pieces to Gozag.

Inventory:

Hand Weapons
 q - a +9 broad axe of venom (weapon)
 y - the +5 broad axe "Zimappy" {vamp, Int+3}
   (You bought it in a shop on level 2 of the Vaults)

   Int+3:     It affects your intelligence (+3).
Missiles
 o - 92 boomerangs
 p - 67 poisoned darts
 v - 22 javelins
 I - 2 throwing nets
 R - 3 curare-tipped darts
Armour
 b - the +2 shield of Resistance {rF++ rC++ Will++}
   (You found it on level 4 of the Snake Pit)

   rF++:      It greatly protects you from fire.
   rC++:      It greatly protects you from cold.
   Will++:    It greatly increases your willpower.
 e - the +9 scales of the Dragon King (worn) {rPois rF+ rC+ Will+}
   (You bought it in a shop on level 1 of the Lair of Beasts)

   rF+:       It protects you from fire.
   rC+:       It protects you from cold.
   rPois:     It protects you from poison Will+: It increases your willpower.
 g - a +2 helmet of see invisible (worn)
 B - a +2 pair of gloves of infusion (worn)
 C - a +2 pair of boots of rampaging (worn)
 E - a +2 plate armour of fire resistance
 F - a +4 tower shield of poison resistance (worn)
 J - the +2 ratskin cloak (worn) {*Rats rPois rN+ Str-1 Int-1 Dex+1}
   (You bought it in a shop on level 1 of the Lair of Beasts)

   *Rats:     When the wearer is hurt, rats may emerge from it to assist them.
   Str-1:     It affects your strength (-1).
   Int-1:     It affects your intelligence (-1).
   Dex+1:     It affects your dexterity (+1).
   rPois:     It protects you from poison rN+: It protects you from negative
   energy.
 K - the +2 pair of slick slippers {slick, slippery, EV+4}
   (You bought it in a shop on level 3 of the Depths)

   Slick:     Its wearer cannot be constricted, engulfed, netted or webbed.
   Slippery:  Its wearer slips away from damaging melee attacks, pulling the
   attacker onward.
   EV+4:      It affects your evasion (+4).
Jewellery
 h - the ring "Juipanto" (left hand) {Fly rF+ rN+ Str-3 Stlth+}
   (You found it on level 3 of the Crypt)

   [ring of positive energy]

   Str-3:     It affects your strength (-3).
   rF+:       It protects you from fire.
   rN+:       It protects you from negative energy.
   Fly:       It grants you flight.
   Stlth+:    It makes you more stealthy.
 l - the ring "Niseuso" {Ice rN+}
   (You took it off Josephina on level 1 of the Crypt)

   [ring of ice]

   Ice:       It enhances your ice magic.
   rF-:       It makes you vulnerable to fire.
   rC+:       It protects you from cold.
   rN+:       It protects you from negative energy.
 A - a ring of willpower
 H - the amulet of the Voracious Apricot (around neck) {RegenMP rElec rN+ Will- Int+2}
   (You found it on level 5 of the Vaults)

   [amulet of magic regeneration]

   RegenMP:   It increases your rate of magic regeneration.
   Int+2:     It affects your intelligence (+2).
   rElec:     It insulates you from electricity.
   rN+:       It protects you from negative energy.
   Will-:     It decreases your willpower.
 M - the ring "Sewib" (right hand) {rCorr Str+7 Int-2 Dex+3 Stlth-}
   (You took it off a deep elf sorcerer on level 3 of the Elven Halls)

   [ring of resist corrosion]

   Str+7:     It affects your strength (+7).
   Int-2:     It affects your intelligence (-2).
   Dex+3:     It affects your dexterity (+3).
   rCorr:     It protects you from acid and corrosion.
   Stlth-:    It makes you less stealthy.
 Q - a +4 ring of protection
 S - an amulet of regeneration
 Y - a ring of fire
Wands
 f - a wand of digging (13)
 t - a wand of flame (58)
 U - a wand of mindburst (16)
 V - a wand of polymorph (25)
 W - a wand of paralysis (34)
 X - a wand of iceblast (18)
 Z - a wand of acid (6) (quivered)
Scrolls
 a - a scroll of torment
 c - 6 scrolls of fog
 d - 5 scrolls of revelation
 i - 12 scrolls of noise
 j - 25 scrolls of teleportation
 k - 2 scrolls of blinking
 m - 33 scrolls of identify
 r - 9 scrolls of vulnerability
 s - 2 scrolls of silence
 u - 8 scrolls of poison
 z - 12 scrolls of amnesia
 D - 11 scrolls of immolation
 G - 2 scrolls of summoning
 N - 9 scrolls of fear
Miscellaneous
 n - a condenser vane
 x - a phial of floods (inert)
 T - a sack of spiders (inert)


   Skills:
 * Level 26.8 Fighting
 - Level 18.0 Axes
 * Level 17.9 Armour
 * Level 16.7 Dodging
 - Level 4.3 Stealth
 O Level 27 Shields


You had 26 spell levels left.
You didn't know any spells.
Your spell library contained the following spells:

 Spells                   Type           Power      Damage    Failure   Level
 Apportation              Tloc           0%         N/A       100%        1
 Foxfire                  Conj/Fire      0%         2x1d4     100%        1
 Kiss of Death            Conj/Necr      0%         2d5       100%        1
 Necrotise                Necr           0%         1d4       100%        1
 Shock                    Conj/Air       0%         1d3       100%        1
 Slow                     Hex            0%         N/A       100%        1
 Summon Small Mammal      Summ           0%         N/A       100%        1
 Blink                    Tloc           0%         N/A       100%        2
 Cigotuvi's Dreadful Rot  Necr/Pois/Air  0%         N/A       100%        2
 Ensorcelled Hibernation  Hex/Ice        0%         N/A       100%        2
 Jinxbite                 Hex            0%         N/A       100%        2
 Lesser Beckoning         Tloc           0%         N/A       100%        2
 Momentum Strike          Conj/Tloc      0%         3d8       100%        2
 Passwall                 Tmut/Erth      0%         N/A       100%        2
 Poisonous Vapours        Pois/Air       0%         N/A       100%        2
 Static Discharge         Conj/Air       0%         2-2/arc   100%        2
 Call Canine Familiar     Summ           0%         N/A       100%        3
 Confusing Touch          Hex            0%         N/A       100%        3
 Dazzling Flash           Conj/Hex       0%         N/A       100%        3
 Hailstorm                Conj/Ice       0%         3d3       100%        3
 Ignite Poison            Fire/Tmut/Pois 0%         N/A       100%        3
 Mephitic Cloud           Conj/Pois/Air  0%         N/A       100%        3
 Ozocubu's Armour         Ice            0%         N/A       100%        3
 Sigil of Binding         Hex            0%         N/A       100%        3
 Stone Arrow              Conj/Erth      0%         3d7       100%        3
 Summon Guardian Golem    Hex/Summ       0%         N/A       100%        3
 Swiftness                Air            0%         N/A       100%        3
 Tukima's Dance           Hex            0%         N/A       100%        3
 Vampiric Draining        Necr           0%         2d6       100%        3
 Airstrike                Air            0%         2d(0-16)  100%        4
 Anguish                  Hex/Necr       0%         N/A       100%        4
 Animate Armour           Summ/Erth      0%         N/A       100%        4
 Cause Fear               Hex            0%         N/A       100%        4
 Dimensional Bullseye     Hex/Tloc       0%         N/A       100%        4
 Dispel Undead            Necr           0%         3d6       100%        4
 Fulminant Prism          Conj/Hex       0%         3d5       100%        4
 Iskenderun's Mystic Bla  Conj/Tloc      0%         2d3       100%        4
 Leda's Liquefaction      Hex/Erth       0%         N/A       100%        4
 Manifold Assault         Tloc           0%         N/A       100%        4
 Passage of Golubria      Tloc           0%         N/A       100%        4
 Petrify                  Tmut/Erth      0%         N/A       100%        4
 Summon Ice Beast         Ice/Summ       0%         N/A       100%        4
 Vhi's Electric Charge    Tloc/Air       0%         N/A       100%        4
 Agony                    Necr           0%         N/A       100%        5
 Alistair's Intoxication  Tmut/Pois      0%         N/A       100%        5
 Arcjolt                  Conj/Air       0%         1d10      100%        5
 Borgnjor's Vile Clutch   Necr/Erth      0%         N/A       100%        5
 Fireball                 Conj/Fire      0%         3d3       100%        5
 Freezing Cloud           Conj/Ice/Air   0%         6-21      100%        5
 Irradiate                Conj/Tmut      0%         3d11      100%        5
 Lee's Rapid Deconstruct  Erth           0%         3d4*      100%        5
 Metabolic Englaciation   Hex/Ice        0%         N/A       100%        5
 Silence                  Hex/Air        0%         N/A       100%        5
 Summon Forest            Summ/Tloc      0%         N/A       100%        5
 Summon Mana Viper        Hex/Summ       0%         N/A       100%        5
 Yara's Violent Unravell  Hex/Tmut       0%         3d3       100%        5
 Bombard                  Conj/Erth      0%         9d1       100%        6
 Death Channel            Necr           0%         N/A       100%        6
 Dispersal                Tloc           0%         N/A       100%        6
 Eringya's Noxious Bog    Tmut/Pois      0%         4d6       100%        6
 Plasma Beam              Fire/Air       0%         2x1d10    100%        6
 Starburst                Conj/Fire      0%         6d3       100%        6
 Summon Cactus Giant      Summ           0%         N/A       100%        6
 Enfeeble                 Hex            0%         N/A       100%        7
 Haunt                    Necr/Summ      0%         N/A       100%        7
 Ozocubu's Refrigeration  Ice            0%         4d7       100%        7
 Disjunction              Tloc           0%         N/A       100%        8
 Infestation              Necr           0%         N/A       100%        8
 Lehudib's Crystal Spear  Conj/Erth      0%         10d2      100%        8
 Dragon's Call            Summ           0%         N/A       100%        9
 Fire Storm               Conj/Fire      0%         5d1       100%        9
 Polar Vortex             Ice            0%         N/A       100%        9
 Sublimation of Blood     Necr           Unusable   N/A       N/A         2
 Animate Dead             Necr           Unusable   N/A       N/A         4
 Simulacrum               Ice/Necr       Unusable   N/A       N/A         6
 Borgnjor's Revivificati  Necr           Unusable   N/A       N/A         8
 Death's Door             Necr           Unusable   N/A       N/A         9

Dungeon Overview and Level Annotations

Branches:
Dungeon (15/15)            Temple (0/1) D:5            Lair (5/5) D:9
 Shoals (4/4) Lair:2        Snake (4/4) Lair:3        Slime (5/5) Lair:4
    Orc (2/2) D:12            Elf (3/3) Orc:2        Vaults (5/5) D:13
  Crypt (3/3) Vaults:3       Tomb (1/3) Crypt:3      Depths (4/4) D:15
   Hell (visited)             Zot (4/5) Depths:4      IceCv (visited)
 WizLab (visited)
    Dis: Hell:1         Geh: Hell:1         Coc: Hell:1         Tar: Hell:1

Altars:
Ashenzari
Cheibriados
Dithmenos
Gozag
Kikubaaqudgha
Makhleb
Nemelex Xobeh
Qazlal
Ru
Trog
Vehumet
Xom
Yredelemnul
Jiyva

Shops:
Orc:2 (=[*!   Elf:1 (?:(   Lair:1 [[   Shoals:1 [*   Shoals:3 :   Snake:2 *
Snake:4 ?*   Vaults:2 (   Vaults:3 *   Vaults:4 *   Zot:1 *   Depths:3 [
Depths:4 :*

Portals:
Hell: Depths:1 Depths:2 Depths:3 Depths:4
Abyss: Depths:3 Depths:4
Pandemonium: Depths:2
Ziggurat: Depths:4

Annotations:
D:8 exclusion: 2 downstairs
D:10 exclusion: downstairs
D:14 exclusion: 2 downstairs
Lair:1 exclusion: downstairs
Lair:2 exclusion: downstairs
Lair:3 exclusion: 2 downstairs
Lair:4 exclusion: 2 downstairs
Shoals:1 exclusion: 2 downstairs
Shoals:2 exclusion: downstairs
Snake:1 exclusion: downstairs
Snake:2 exclusion: downstairs
Slime:5 1 exclusion
Hell Geryon
Zot:1 3 runed translucent doors, exclusion: downstairs, Heerchaexodu's ghost, veteran OgBe
Zot:2 exclusion: downstairs
Zot:3 Tiamat


Innate Abilities, Weirdness & Mutations

You are immune to poison.
Your flesh is cold resistant. (rC+)
You are immune to negative energy. (rN+++)
You are immune to unholy pain and torment.
You are vulnerable to heat. (rF-)
You are strongly in touch with the powers of death.
You do not drink.
You have a special connection with the divine. (Faith)


Message History

You start resting.
A searing wretch is nearby!
You carve the searing wretch like a ham!!!
The searing wretch is moderately damaged.
You barely miss the searing wretch.
The searing wretch is moderately damaged.
The searing wretch claws you!
* * * LOW HITPOINT WARNING * * *
You are engulfed in flames!
You resist.
* * * LOW HITPOINT WARNING * * *
You block the searing wretch's attack.
The searing wretch bites you but does no damage.
You slash the searing wretch!
The searing wretch is moderately damaged.
The searing wretch claws you but does no damage.
You block the searing wretch's attack.
The searing wretch bites you but does no damage.
You slash the searing wretch!
The searing wretch is moderately damaged.
You barely miss the searing wretch.
The searing wretch is moderately damaged.
You block the searing wretch's attack.
The searing wretch claws you but does no damage.
The searing wretch bites you but does no damage.
You slice the searing wretch!!
The searing wretch is heavily damaged.
The searing wretch claws you.
* * * LOW HITPOINT WARNING * * *
You are engulfed in flames!
You resist.
* * * LOW HITPOINT WARNING * * *
The searing wretch claws you.
* * * LOW HITPOINT WARNING * * *
You block the searing wretch's attack.
You need at least 400 gold to purchase potions right now!
Unknown command.
You slice the searing wretch!!
The searing wretch is severely damaged.
The searing wretch claws you!
You die...
Your body crumbles into a pile of gold.

'.......#####...........#........
#.......# ###.......!.#........
#^......# #.........#........
#.......# #.........#.~~~~~~.
#.......# #..^....[.#.~≈≈≈~~.
#.......# #.........#.[≈≈≈~~.
#.......# #.........#[~≈≈≈~~.
#.......# #.n.......[([≈≈≈~~.
#.......# #.@.......#)~~~~~~.
#.......# #.........#.~~~~~~.
#..!....# #.........#........
######### ###################


You could see a searing wretch.

Vanquished Creatures
  the Royal Jelly (Slime:5)
  A dread lich (Vaults:5)
  3 ancient liches
  Mennas (Crypt:3)
  A juggernaut (Depths:2)
  Boris (Depths:3)
  Josephina (Crypt:1)
  2 royal mummies (Tomb:1)
  Frederick (Crypt:3)
  Vashnia (Snake:2)
  Xtahua (Depths:3)
  Nikola (Elf:1)
  5 golden dragons
  Jory (Vaults:2)
  Norris (Elf:3)
  12 bone dragons
  A hellephant (Abyss:4)
  5 electric golems
  10 tentacled monstrosities
  Jorgrun (Shoals:3)
  Zenata (Vaults:2)
  Asterion (Snake:2)
  A walking crystal tome (WizLab)
  4 deep elf blademasters
  5 liches
  4 deep elf master archers (Elf:3)
  A Hell Sentinel (Abyss:4)
  A searing wretch (Depths:4)
  2 titans
  5 quicksilver dragons
  20 acid blobs
  10 sphinxes
  5 death cobs
  2 walking frostbound tomes
  3 krakens
  20 tentacled starspawn
  An Executioner (Abyss:3)
  2 ancient champions (Crypt:1)
  2 thorn hunters (Abyss:4)
  Gastronok (Lair:1)
  11 shadow dragons
  6 tengu reavers
  12 storm dragons
  9 azure jellies
  2 strange machines (WizLab)
  Ilsuiw (Shoals:2)
  2 revenants
  3 draconian knights (Zot:1)
  6 draconian monks
  6 rockslimes
  15 frost giants
  9 deep elf sorcerers
  2 nagarajas (Snake:4)
  10 fire giants
  3 deep elf elementalists
  2 balrugs
  2 draconian scorchers
  15 vault wardens
  7 draconian shifters
  4 iron dragons
  4 draconian stormcallers
  2 caustic shrike zombies
  4 orc warlords
  5 draconian annihilators
  11 ghouls
  A spriggan defender (Depths:3)
  2 ghost moths (Zot:1)
  An angel (Abyss:4)
  8 war gargoyles
  25 ironbound preservers
  29 very ugly things
  4 formless jellyfish
  6 quicksilver oozes
  An ophan (Abyss:3)
  2 reapers
  A demonspawn corrupter (Abyss:3)
  13 stone giants
  7 ironbound thunderhulks
  4 grey draconians (Zot:2)
  A putrid mouth (Hell)
  7 vampire knights
  2 deep elf demonologists (Elf:1)
  A starflower (Abyss:3)
  8 dire elephants
  7 green draconians
  6 black draconians
  10 yellow draconians
  A lorocyproca (Abyss:4)
  Azrael (Snake:3)
  7 purple draconians
  5 deep elf annihilators
  10 red draconians
  3 white draconians
  2 spark wasps (Depths:3)
  2 eidola
  13 merfolk javelineers
  12 deep elf death magi
  11 ettins
  7 merfolk impalers
  A green death (Depths:4)
  15 yaktaur captains
  3 mummy priests (Tomb:1)
  15 jiangshi
  A quicksilver dragon skeleton (Crypt:1)
  A shambling mangrove (Abyss:4)
  4 crystal guardians
  A blizzard demon (Abyss:4)
  6 deep elf high priests
  13 great orbs of eyes
  An entropy weaver (Vaults:1)
  8 fire dragons
  8 rakshasas
  4 spriggan zombies
  12 hydras
  2 salamander tyrants (Snake:4)
  9 ice dragons
  3 peacekeepers
  5 spriggan air magi
  38 vault guards
  10 anacondas
  A caustic shrike simulacrum (Abyss:4)
  A hell beast (Depths:2)
  15 ironbound frosthearts
  A juggernaut simulacrum (Abyss:3)
  2 death knights
  7 centaur warriors
  3 catoblepae (Lair:5)
  3 ogre magi
  2 spriggan skeletons
  4 alligator snapping turtles
  A satyr (Abyss:4)
  A sphinx zombie (Crypt:2)
  4 deep troll shamans
  3 two-headed ogres
  9 boulder beetles
  30 death scarabs (Tomb:1)
  3 hell hogs (Abyss:4)
  6 merfolk aquamancers
  3 vampire magi
  7 death yaks
  42 dancing weapons
  6 deep troll earth magi
  20 naga warriors
  7 spriggan berserkers
  A demonic crawler (Abyss:4)
  3 tengu warriors
  15 naga sharpshooters
  17 thrashing horrors
  The ghost of liarliar the Jinx, a journeyman DEHs of Cheibriados (D:11)
  4 orc high priests
  9 shock serpents
  8 wretched stars
  12 sun demons
  2 shadow wraiths
  6 iron trolls
  22 skeletal warriors
  4 soul eaters
  11 salamander mystics
  19 deep elf knights
  5 skysharks
  A golden dragon zombie (Crypt:3)
  15 hell knights
  A bunyip zombie (Crypt:3)
  3 sixfirhies
  14 sea snakes
  A death drake (Abyss:4)
  47 deep trolls
  3 spatial maelstroms (Abyss:4)
  4 naga ritualists
  7 glowing orange brains
  3 orb spiders (Abyss:4)
  8 deep elf archers
  4 flayed ghosts
  Pikel (D:7)
  5 bog bodies (Crypt:1)
  14 lindwurms
  30 harpies
  30 ironbound convokers
  4 wizards
  26 deep elf pyromancers
  16 deep elf zephyrmancers
  14 necromancers
  An eleionoma zombie (Crypt:2)
  9 phantasmal warriors
  A harpy (shapeshifter) (Vaults:5)
  23 salamanders
  13 orc knights
  7 orc sorcerers
  11 mana vipers
  A shining eye (shapeshifter) (Abyss:4)
  8 shining eyes
  A wolf spider (shapeshifter) (Depths:4)
  29 manticores
  2 centaur zombies
  14 ugly things
  6 fauns
  19 moths of wrath
  3 will-o-the-wisps
  6 cyclopes
  7 merfolk sirens
  An iron dragon skeleton (Crypt:2)
  7 worldbinders
  10 guardian serpents
  An eye of devastation (Slime:4)
  A frost giant skeleton (Depths:2)
  A fire giant skeleton (Depths:2)
  9 apocalypse crabs
  22 vault sentinels
  17 water nymphs
  10 naga magi
  A stone giant skeleton (Crypt:2)
  An elephant (shapeshifter) (Vaults:3)
  4 elephants
  An eye of devastation (shapeshifter) (Vaults:3)
  3 gargoyles
  A rust devil (Depths:2)
  24 black mambas
  3 orange demons (Abyss:4)
  11 cane toads
  8 smoke demons
  Maggie (Lair:2)
  A centaur skeleton (Crypt:3)
  Jeremiah (Lair:1)
  6 efreet
  2 unseen horrors
  5 hellions
  39 yaktaurs
  A kobold demonologist (D:12)
  6 tengu conjurers
  4 rime drakes
  4 komodo dragons
  7 freezing wraiths
  A bunyip simulacrum (Crypt:1)
  A spark wasp simulacrum (Depths:2)
  7 ancient zymes (Abyss:4)
  2 ice devils
  A golden dragon simulacrum (Depths:2)
  37 merfolk
  2 red devils (Depths:2)
  4 guardian mummies (Tomb:1)
  6 trolls
  8 wind drakes
  A harpy zombie (Abyss:4)
  6 polar bears
  A harpy skeleton (Tomb:1)
  8 hornets
  An ettin zombie (Crypt:3)
  3 tarantellas (shapeshifter)
  3 hellwings
  An ice dragon zombie (Crypt:2)
  9 blink frogs
  18 raiju
  A snapping turtle (shapeshifter) (D:15)
  10 dream sheep
  Prince Ribbit (D:6)
  An iron dragon simulacrum (Abyss:3)
  4 snapping turtles
  2 jumping spiders (shapeshifter)
  A hydra skeleton (Crypt:3)
  A tarantella zombie (Crypt:1)
  19 small abominations
  3 spriggans
  2 centaur simulacra (Crypt:1)
  101 slime creatures
  4 wraiths
  A satyr skeleton (Crypt:2)
  3 air elementals
  2 shadows (Abyss:4)
  52 flying skulls
  6 ynoxinuls
  31 water elementals
  51 yaks
  An ushabti (Tomb:1)
  5 wyverns
  2 vampires
  An ettin skeleton (Crypt:3)
  5 fire elementals
  A yak (shapeshifter) (Elf:2)
  33 large abominations
  6 basilisks
  7 golden eyes
  6 neqoxecs (Abyss:4)
  Grum (Lair:1)
  9 chaos spawn
  A fire bat (Abyss:3)
  15 humans (D:13)
  11 vampire mosquitoes
  2 steam dragons
  Menkaure (D:7)
  2 redbacks (Abyss:4)
  3 acid dragons
  A swamp worm (Shoals:1)
  28 nagas
  2 wargs (Orc:2)
  3 floating eyes
  16 water moccasins
  A naga skeleton (Tomb:1)
  9 hell hounds
  31 orc warriors
  3 ice beasts
  A sky beast (D:8)
  2 lindwurm zombies
  5 black bears
  2 ettin simulacra (Crypt:1)
  3 ogres
  44 starcursed masses
  9 wolves
  An elephant skeleton (Crypt:1)
  8 centaurs
  2 lemures (D:6)
  3 phantoms
  4 kobold brigands
  A manticore skeleton (Crypt:1)
  2 elf zombies
  4 earth elementals
  10 necrophages
  9 bullfrogs
  3 scorpions
  A wight (Abyss:3)
  2 elephant simulacra (IceCv)
  7 killer bees
  2 electric eels (D:9)
  8 howler monkeys
  A crimson imp (D:10)
  A quasit (Abyss:4)
  33 orc priests
  2 hounds (D:6)
  An iron imp (Abyss:4)
  A jelly (D:4)
  2 boggart zombies
  3 iguanas
  30 orc wizards
  5 hell rats
  2 polar bear simulacra (IceCv)
  7 mummies (Tomb:1)
  10 gnolls
  8 adders
  2 white imps
  3 ufetubi
  A worm (D:7)
  3 dart slugs
  104 orcs
  8 ball pythons
  5 endoplasms
  6 giant cockroaches
  6 goblins
  6 hobgoblins
  2 quokkas
  A ball python skeleton (Crypt:1)
  A ball python zombie (Crypt:2)
  5 bats
  4 frilled lizards
  A giant cockroach zombie (Crypt:2)
  21 kobolds
  3 rats
  A lurking horror (Abyss:4)
  A spectral weapon (Snake:3)
  22 starspawn tentacles (Abyss:4)
  9 tentacles
2696 creatures vanquished.

Vanquished Creatures (collateral kills)
  An ancient champion (Crypt:1)
  Aizul (Snake:2)
  A vault warden (Vaults:5)
  A very ugly thing (Vaults:5)
  A dire elephant (Vaults:1)
  An eidolon (Crypt:1)
  A yaktaur captain (Vaults:5)
  A hydra (Depths:2)
  A vault guard (Vaults:4)
  A boulder beetle (D:15)
  A lindwurm (Lair:5)
  An orc knight (D:12)
  A wizard (Vaults:2)
  A phantasmal warrior (Crypt:1)
  A necromancer (Vaults:5)
  An ugly thing (D:14)
  2 elephants
  A water nymph (Shoals:1)
  A black mamba (Lair:1)
  A naga mage (Snake:4)
  A cane toad (Lair:2)
  A rime drake (Lair:4)
  A komodo dragon (Lair:2)
  A blink frog (Lair:3)
  2 snapping turtles (Shoals:3)
  2 slime creatures
  4 yaks
  A water moccasin (Lair:1)
  2 orc warriors (Orc:2)
  2 wolves (Lair:5)
  A centaur (D:11)
  An orc priest (Orc:2)
  2 orcs
  A lurking horror (Abyss:4)
43 creatures vanquished.

Vanquished Creatures (others)
  A merfolk aquamancer (Shoals:4)
  A hell knight (Depths:4)
  A deep elf knight (Elf:2)
  2 deep elf archers
  4 deep elf zephyrmancers
  A deep elf pyromancer (Elf:2)
  A merfolk (Shoals:4)
  A blink frog (Abyss:4)
  A naga (Abyss:4)
  A jelly (Abyss:4)
  A small abomination (Abyss:4)
  An orc (Orc:2)
  A kobold (D:9)
  3 lurking horrors
  36 starspawn tentacles (Abyss:4)
  11 tentacles
67 creatures vanquished.

Grand Total: 2806 creatures vanquished

Notes
Turn   | Place    | Note
-------+----------+-------------------------------------------
     0 | D:5      | Kurtz the Mummy Delver began the quest for the Orb.
     0 | D:5      | Reached XP level 1. HP: 18/18 MP: 1/1
   128 | D:3      | Found a sparkling altar of Nemelex Xobeh.
   260 | D:2      | Found an opulent altar of Gozag.
   418 | D:1      | Reached XP level 2. HP: 24/24 MP: 2/2
  1083 | D:2      | Reached XP level 3. HP: 29/29 MP: 3/3
  1283 | D:2      | Became a worshipper of Gozag Ym Sagoz the Greedy
  2002 | D:3      | Found a faded altar of an unknown god.
  2016 | D:3      | Reached XP level 4. HP: 20/35 MP: 4/4
  2903 | D:4      | Reached XP level 5. HP: 33/41 MP: 5/5
  3186 | D:5      | Reached skill level 5 in Axes
  3339 | D:4      | Reached XP level 6. HP: 47/47 MP: 6/6
  3422 | D:4      | Found a stormy altar of Qazlal.
  4332 | D:5      | Reached XP level 7. HP: 50/52 MP: 7/7
  4356 | D:5      | Found a staircase to the Ecumenical Temple.
  4451 | D:5      | Identified the +2 buckler of Defruig {Int+4}
  4552 | D:5      | Reached skill level 1 in Armour
  4863 | D:6      | Reached skill level 1 in Shields
  4887 | D:6      | Identified the +1 quarterstaff of the Median {heavy, rN+
                  | Int+3 Dex+3}
  5350 | D:6      | Reached skill level 2 in Shields
  5358 | D:6      | Reached XP level 8. HP: 43/58 MP: 8/8
  5724 | D:6      | Reached skill level 3 in Shields
  5788 | D:6      | Noticed Prince Ribbit
  5809 | D:6      | Killed Prince Ribbit
  6170 | D:7      | Noticed Menkaure
  6290 | D:7      | Killed Menkaure
  6291 | D:7      | Reached skill level 5 in Armour
  6432 | D:7      | Reached skill level 4 in Shields
  6512 | D:7      | Identified the ring "Imegig" {Fly Str-2 Int+5}
  7057 | D:7      | Noticed Pikel
  7088 | D:7      | Killed Pikel
  7089 | D:7      | Reached XP level 9. HP: 44/65 MP: 9/9
  7598 | D:7      | Found a snail-covered altar of Cheibriados.
  8376 | D:8      | Found a transporter.
  8381 | D:8      | Found a transporter.
  8382 | D:8      | Noticed a boulder beetle
  8724 | D:8      | Reached skill level 5 in Fighting
  9037 | D:9      | Found a staircase to the Lair.
  9037 | D:9      | Noticed an elephant
  9160 | D:9      | Found a shadowy altar of Dithmenos.
  9533 | D:9      | Reached XP level 10. HP: 16/76 MP: 10/10
 10402 | D:9      | Killed an elephant
 10646 | D:9      | Identified the +3 dagger of Mastery {heavy, rF- Dex+5}
 12156 | D:10     | Entered Level 10 of the Dungeon
 12254 | D:10     | Reached skill level 5 in Shields
 12320 | D:10     | Identified the +4 whip of Ithumouh {flame, Dex+5}
 12338 | D:10     | Noticed a gargoyle
 12345 | D:10     | Killed a gargoyle
 12459 | D:10     | Found a sacrificial altar of Ru.
 12543 | D:10     | Noticed a two-headed ogre
 12554 | D:10     | Killed a two-headed ogre
 12786 | D:10     | Found a burning altar of Makhleb.
 12786 | D:10     | Found a shimmering altar of Xom.
 12792 | D:10     | Reached skill level 6 in Shields
 12892 | Lair:1   | Entered Level 1 of the Lair of Beasts
 13877 | Lair:1   | Reached XP level 11. HP: 83/83 MP: 11/11
 14129 | Lair:1   | Noticed a boulder beetle
 14144 | Lair:1   | Killed a boulder beetle
 14145 | Lair:1   | Reached skill level 5 in Dodging
 14328 | Lair:1   | Reached skill level 7 in Shields
 14550 | Lair:1   | Noticed Grum
 14797 | Lair:1   | Killed Grum
 14970 | Lair:1   | Noticed Jeremiah
 14977 | Lair:1   | Noticed Gastronok
 15327 | Lair:1   | Killed Gastronok
 15328 | Lair:1   | Reached skill level 8 in Shields
 15644 | Lair:1   | Killed Jeremiah
 16011 | Lair:1   | Bought a crude chain mail for 285 gold pieces
 16011 | Lair:1   | Identified the +6 chain mail of Nouqafev {Drain rPois rF++
                  | Stlth+} (You bought it in a shop on level 1 of the Lair of
                  | Beasts)
 16021 | Lair:1   | Bought the +2 ratskin cloak {*Rats rPois rN+ Str-1 Int-1
                  | Dex+1} for 834 gold pieces
 16021 | Lair:1   | Found the +2 ratskin cloak {*Rats rPois rN+ Str-1 Int-1
                  | Dex+1}
 16585 | Lair:2   | Noticed Maggie
 16821 | Lair:2   | Reached skill level 10 in Axes
 17120 | Lair:2   | Killed Maggie
 17284 | Lair:2   | Found a staircase to the Shoals.
 17385 | Lair:2   | Reached XP level 12. HP: 70/89 MP: 12/12
 17623 | Lair:1   | Bought a glowing plate armour for 780 gold pieces
 18333 | Lair:2   | Noticed a seven-headed hydra
 18340 | Lair:2   | Killed a one-headed hydra
 19277 | Lair:3   | Found a staircase to the Snake Pit.
 19370 | Lair:3   | Noticed a six-headed hydra
 19768 | Lair:3   | Noticed an eight-headed hydra
 19790 | Lair:3   | Killed a one-headed hydra
 20008 | Lair:3   | Killed a one-headed hydra
 20448 | Lair:3   | Reached skill level 9 in Shields
 20743 | Lair:4   | Found a frozen archway.
 20760 | Lair:4   | Noticed a six-headed hydra
 20980 | IceCv    | Entered an ice cave
 21136 | IceCv    | Found a transporter.
 21145 | IceCv    | Found a transporter.
 21201 | Lair:4   | HP: 3/72 [rime drake/icy flash freeze (13)]
 21819 | Lair:4   | Gained mutation: You are strongly in touch with the powers
                  | of death. [Mummy growth]
 21819 | Lair:4   | Reached XP level 13. HP: 84/84 MP: 13/13
 22416 | Lair:4   | Found a runed translucent door.
 22416 | Lair:4   | Found a viscous altar of Jiyva.
 22417 | Lair:4   | Found a staircase to the Slime Pits.
 22417 | Lair:4   | Noticed an acid blob
 23168 | Lair:5   | Entered Level 5 of the Lair of Beasts
 24488 | Lair:5   | HP: 3/97 [lindwurm/blast of flame (23)]
 24489 | Lair:5   | HP: 1/97 [lindwurm (2)]
 24924 | Lair:5   | Reached skill level 10 in Shields
 25249 | Lair:1   | Bought a slimy chain mail for 294 gold pieces
 25249 | Lair:1   | Identified the +2 chain mail "Ariefy" {Will+ MP+9 Stlth-}
                  | (You bought it in a shop on level 1 of the Lair of Beasts)
 27407 | D:11     | Found a transporter.
 27433 | D:11     | Found a transporter.
 27437 | D:11     | Found a bloodstained altar of Trog.
 27443 | D:11     | Noticed liarliar's ghost (journeyman DEHs)
 29064 | D:12     | Found a staircase to the Orcish Mines.
 29597 | D:12     | Reached XP level 14. HP: 103/103 MP: 14/14
 30506 | Orc:1    | Entered Level 1 of the Orcish Mines
 31303 | Orc:2    | Entered Level 2 of the Orcish Mines
 32029 | Orc:2    | Found a staircase to the Elven Halls.
 32507 | Orc:2    | Found Weimo's Distillery.
 33106 | Orc:2    | Noticed an orc warlord
 33213 | Orc:1    | Killed an orc warlord
 33778 | Orc:2    | Reached skill level 11 in Shields
 34060 | Orc:2    | Reached skill level 15 in Axes
 36119 | Orc:2    | Found Keboosit's Antique Armour Shoppe.
 36120 | Orc:2    | Found Kimug's Antique Weapon Emporium.
 36122 | Orc:2    | Found Upudgh's General Store.
 36122 | Orc:2    | Found Toaqel's Jewellery Shoppe.
 36139 | Orc:2    | Bought the ring of Moggis {Will+ rCorr Str+6} for 650 gold
                  | pieces
 36140 | Orc:2    | Bought an amulet of guardian spirit for 360 gold pieces
 36155 | Orc:2    | Bought a pair of embroidered boots for 225 gold pieces
 36177 | Orc:2    | Bought a scroll of silence for 114 gold pieces
 36177 | Orc:2    | Bought a scroll of fear for 48 gold pieces
 36187 | Orc:2    | Bought a helmet for 135 gold pieces
 40281 | D:13     | Found a gate to the Vaults.
 40360 | D:13     | Reached XP level 15. HP: 99/110 MP: 13/15
 42142 | D:15     | Entered Level 15 of the Dungeon
 42726 | D:15     | Found a staircase to the Depths.
 44684 | Snake:1  | Entered Level 1 of the Snake Pit
 46370 | Snake:2  | Noticed Aizul
 49927 | Snake:2  | Killed Aizul
 49966 | Snake:2  | Reached XP level 16. HP: 110/120 MP: 16/16
 50124 | Snake:2  | Found Ruavoawu's Assorted Antiques.
 50132 | Snake:2  | Bought a scroll of enchant weapon for 247 gold pieces
 50132 | Snake:2  | Bought a scroll of teleportation for 99 gold pieces
 50532 | Snake:3  | Noticed Asterion
 51947 | Snake:3  | Noticed Azrael
 52295 | Shoals:1 | Entered Level 1 of the Shoals
 52943 | Shoals:1 | Reached skill level 12 in Shields
 52945 | Shoals:1 | Found Kuluss's General Store.
 52956 | Shoals:1 | Bought a condenser vane for 680 gold pieces
 53185 | Shoals:1 | Found Fekkoim's Antique Armour Shop.
 53657 | Shoals:2 | Noticed Ilsuiw
 54702 | Snake:3  | Noticed Vashnia
 54721 | Snake:2  | Noticed an Executioner
 54721 | Snake:2  | Killed Asterion
 54937 | Snake:2  | Killed Vashnia
 55357 | Snake:3  | Identified a scroll of acquirement
 55395 | Snake:3  | Acquired 616 gold pieces
 56172 | Snake:3  | Killed Azrael
 56503 | Snake:4  | Entered Level 4 of the Snake Pit
 56551 | Snake:4  | Found the +2 shield of Resistance {rF++ rC++ Will++}
 56567 | Snake:4  | oh damn
 56791 | Snake:4  | Found Etug's General Store.
 57282 | Snake:4  | Reached skill level 13 in Shields
 57920 | Snake:4  | Reached XP level 17. HP: 118/127 MP: 1/17
 58297 | Snake:4  | Found Naolu's Magic Scroll Boutique.
 58300 | Snake:4  | Bought a scroll of fog for 48 gold pieces
 58300 | Snake:4  | Bought a scroll of teleportation for 36 gold pieces
 58300 | Snake:4  | Bought a scroll of teleportation for 36 gold pieces
 58300 | Snake:4  | Bought a scroll of poison for 48 gold pieces
 59727 | Snake:4  | Reached skill level 14 in Shields
 60700 | Snake:4  | Got a serpentine rune of Zot
 61843 | Shoals:2 | Reached skill level 15 in Shields
 62221 | Shoals:2 | Killed Ilsuiw
 62477 | Shoals:2 | Noticed a kraken
 62500 | Shoals:2 | Killed a kraken
 63046 | Shoals:2 | Noticed a kraken
 63057 | Shoals:2 | Killed a kraken
 63697 | Shoals:3 | Found Vemimuts's Vocational Training.
 63744 | Shoals:3 | Identified the +6 arbalest of Icroo {drain, rC+ Will+ SInv}
 63828 | Shoals:3 | Noticed Jorgrun
 63843 | Shoals:3 | Killed Jorgrun
 64206 | Shoals:3 | Reached skill level 16 in Shields
 64449 | Shoals:3 | Reached XP level 18. HP: 107/134 MP: 18/18
 64788 | Shoals:4 | Entered Level 4 of the Shoals
 64972 | Shoals:4 | Reached skill level 10 in Fighting
 65269 | Shoals:4 | Paralysed by an air elemental for 1 turns
 65305 | Shoals:4 | Paralysed by an air elemental for 1 turns
 66013 | Shoals:4 | Reached skill level 10 in Dodging
 66051 | Shoals:4 | Reached skill level 10 in Armour
 66763 | Shoals:4 | Got a barnacled rune of Zot
 67043 | Shoals:4 | Found a stormy altar of Qazlal.
 67534 | Vaults:1 | Entered Level 1 of the Vaults
 67711 | Vaults:1 | Found a flickering gateway to a bazaar.
 67720 | Bazaar   | Entered a bazaar
 67734 | Bazaar   | Found Dikum's Weapon Boutique.
 67771 | Bazaar   | Found Zeclic's Assorted Antiques.
 67799 | Bazaar   | Found Amidom's Weapon Shoppe.
 67840 | Bazaar   | Found Kene Apn's Weapon Boutique.
 67888 | Bazaar   | Bought a scroll of fear for 108 gold pieces
 67888 | Bazaar   | Bought a scroll of fog for 108 gold pieces
 68516 | Vaults:1 | Reached XP level 19. HP: 97/146 MP: 19/19
 68878 | Vaults:1 | Reached skill level 17 in Shields
 69990 | Vaults:2 | Found Zanem's Weapon Shop.
 70587 | Vaults:2 | Noticed Jory
 70630 | Vaults:2 | Killed Jory
 70757 | Vaults:2 | Identified the +3 long sword "Ciseuboz" {speed, rF+ Str-4
                  | Int+2}
 70877 | Vaults:2 | Noticed Zenata
 71371 | Vaults:2 | Killed Zenata
 71730 | Vaults:2 | Reached skill level 18 in Shields
 71855 | Vaults:2 | Identified the +0 plate armour "Xadoenep" {Harm rC+ Str-2}
 72588 | Lair:1   | Bought the +9 scales of the Dragon King {rPois rF+ rC+
                  | Will+} for 3868 gold pieces
 72588 | Lair:1   | Found the +9 scales of the Dragon King {rPois rF+ rC+
                  | Will+}
 72739 | Elf:1    | Entered Level 1 of the Elven Halls
 72865 | Elf:1    | Found a radiant altar of Vehumet.
 73092 | Elf:1    | Found Ecoe's Book Shop.
 73145 | Elf:1    | Found Yteo's Antique Weapon Boutique.
 73373 | Elf:1    | Found Jetre's Magic Scroll Shop.
 73376 | Elf:1    | Bought a scroll of blinking for 135 gold pieces
 73376 | Elf:1    | Bought a scroll of brand weapon for 171 gold pieces
 73377 | Elf:1    | Bought a scroll of teleportation for 54 gold pieces
 73377 | Elf:1    | Bought a scroll of revelation for 135 gold pieces
 73388 | Elf:1    | Found Figu's Antique Weapon Shop.
 73563 | Elf:1    | Noticed Nikola
 73575 | Elf:1    | Killed Nikola
 73795 | Elf:1    | Reached XP level 20. HP: 91/153 MP: 20/20
 74237 | Elf:1    | Found a runed translucent gate.
 74237 | Elf:1    | Found a runed translucent gate.
 74237 | Elf:1    | Found a runed translucent gate.
 74237 | Elf:1    | Found a runed translucent gate.
 74237 | Elf:1    | Found a runed translucent gate.
 74238 | Elf:1    | Found a runed translucent gate.
 75124 | Vaults:3 | Found Yffiesch's General Store.
 75297 | Vaults:3 | Found a staircase to the Crypt.
 75297 | Vaults:3 | Found an ancient bone altar of Kikubaaqudgha.
 75298 | Vaults:3 | Found a basalt altar of Yredelemnul.
 76795 | Vaults:4 | Reached skill level 19 in Shields
 77422 | Vaults:4 | Found Bailoit's General Store.
 78007 | Crypt:1  | Entered Level 1 of the Crypt
 78172 | Crypt:1  | Reached skill level 20 in Shields
 78403 | Crypt:1  | Reached XP level 21. HP: 143/163 MP: 21/21
 79070 | Crypt:1  | Identified the ring "Niseuso" {Ice rN+}
 79070 | Crypt:1  | Noticed Josephina
 79081 | Crypt:1  | Killed Josephina
 79294 | Crypt:2  | Found a magical portal.
 79315 | WizLab   | Entered Tukima's Studio
 79414 | WizLab   | Identified the +7 longbow "Cijogg" {speed, Int+2 SInv}
 79617 | WizLab   | Noticed Kurtz's illusion
 79623 | WizLab   | Noticed Kurtz's illusion
 79700 | WizLab   | Noticed Kurtz's illusion
 79760 | WizLab   | Identified the +1 hat of the Catfish {Harm rN++}
 80688 | Crypt:3  | Entered Level 3 of the Crypt
 80688 | Crypt:3  | Noticed Frederick
 80724 | Crypt:3  | Killed Frederick
 80783 | Crypt:3  | Reached skill level 15 in Armour
 81184 | Crypt:3  | Got a curling book
 81247 | Crypt:3  | Found a basalt altar of Yredelemnul.
 81247 | Crypt:3  | Noticed an ancient lich
 81259 | Crypt:3  | Killed an ancient lich
 81310 | Crypt:3  | Identified the +6 leather armour "Gaezeur" {Harm}
 81441 | Crypt:3  | Noticed Mennas
 81456 | Abyss:3  | Cast into level 3 of the Abyss (skeletal warrior)
 81479 | Abyss:3  | Found a corrupted altar of Lugonu.
 81553 | Crypt:3  | Escaped the Abyss
 81870 | Vaults:5 | Entered Level 5 of the Vaults
 81900 | Vaults:4 | Reached XP level 22. HP: 156/170 MP: 22/22
 82590 | Vaults:5 | Noticed an ancient lich
 82604 | Vaults:5 | Killed an ancient lich
 82809 | Vaults:5 | Identified the amulet of the Voracious Apricot {RegenMP
                  | rElec rN+ Will- Int+2}
 82809 | Vaults:5 | Found the +3 greatsling "Punk" {acid, rCorr}
 83090 | Vaults:5 | Identified the +5 long sword "Siofoy" {heavy, Int+4}
 83377 | Vaults:5 | Noticed a golden dragon
 83395 | Vaults:5 | Killed a golden dragon
 84375 | Vaults:5 | Noticed a dread lich
 84381 | Vaults:5 | Killed a dread lich
 84382 | Vaults:5 | Reached skill level 15 in Fighting
 84438 | Vaults:5 | Reached skill level 21 in Shields
 84716 | Vaults:5 | Identified the staff of the Lumpy Hosts {rPois rN+ Necro
                  | Poison}
 84717 | Vaults:5 | Identified the +0 chain mail "Ownefirch" {Dex+4}
 84739 | Vaults:5 | Got a sooty book
 85070 | Vaults:5 | Got a silver rune of Zot
 85335 | Vaults:5 | Identified the +6 plate armour of the Black Moon {Will++
                  | Int+4}
 85640 | Depths:1 | Entered Level 1 of the Depths
 86024 | Depths:1 | Found a gateway to Hell.
 86078 | Depths:1 | Reached XP level 23. HP: 181/181 MP: 13/23
 86418 | Depths:1 | Found a runed translucent door.
 86553 | Depths:1 | Found a portal to a secret trove of treasure.
 86752 | Depths:1 | lol
 86984 | Orc:2    | Bought the +7 hand cannon "Mule" {flame, backblast, rF+}
                  | for 1659 gold pieces
 86984 | Orc:2    | Found the +7 hand cannon "Mule" {flame, backblast, rF+}
 87336 | Depths:1 | You paid a toll of the hand cannon "Mule" to enter a
                  | treasure trove
 87337 | Trove    | Identified Sif Muna's Tome of the Overhead Gestalt (Sif
                  | Muna gifted it to you in a treasure trove)
 87337 | Trove    | Identified Sif Muna's Directory of the Destructive Fair
                  | Folk (Sif Muna gifted it to you in a treasure trove)
 87337 | Trove    | Entered a treasure trove
 88536 | Depths:2 | Found a one-way gate leading to the halls of Pandemonium.
 89414 | Depths:3 | Noticed Parghit
 89609 | Depths:3 | HP: 8/184 [Parghit (13)]
 90113 | Depths:2 | Parghit changed into Parghit the juggernaut
 90113 | Depths:2 | Noticed Parghit
 90132 | Depths:2 | Killed Parghit the juggernaut
 90336 | Depths:2 | Reached skill level 22 in Shields
 90522 | Depths:3 | Found a broken altar of Ashenzari.
 90529 | Depths:3 | Noticed Boris
 90546 | Depths:3 | Killed Boris
 90809 | Depths:3 | Noticed Xtahua
 90825 | Depths:3 | Killed Xtahua
 91418 | Depths:3 | Found a one-way gate to the infinite horrors of the Abyss.
 92182 | Depths:4 | Entered Level 4 of the Depths
 92731 | Depths:4 | Found a one-way gateway to a ziggurat.
 92971 | Depths:4 | Reached skill level 23 in Shields
 93170 | Depths:4 | Found a gate to the Realm of Zot.
 94326 | Elf:1    | Reached XP level 24. HP: 197/200 MP: 21/23
 94859 | Elf:2    | Found a runed translucent gate.
 94859 | Elf:2    | Found a runed translucent gate.
 94859 | Elf:2    | Found a runed translucent gate.
 95131 | Elf:3    | Entered Level 3 of the Elven Halls
 95217 | Elf:3    | Noticed Norris
 95232 | Elf:3    | Killed Norris
 96248 | Elf:2    | Reached skill level 24 in Shields
 96792 | Elf:3    | Paralysed by an air elemental for 1 turns
 97847 | Elf:3    | Identified the +3 battleaxe "Faterph Nafiwn" {heavy, Fly
                  | rCorr Str+2}
 97847 | Elf:3    | Identified the ring "Sewib" {rCorr Str+7 Int-2 Dex+3
                  | Stlth-}
 97927 | Elf:3    | Identified the +9 battleaxe of Plunder {heavy, rC++ MP+9
                  | Int-3 SInv}
 97927 | Elf:3    | Identified the amulet of Tiageh {Acrobat *Slow rElec Dex+6}
 98529 | Elf:3    | Identified the +2 mace of Contention {pain, rPois}
 99636 | Elf:3    | Identified the +2 falchion of Responsibility {venom, rElec
                  | rF- rC++ Str+3}
 99636 | Elf:3    | Identified the amulet "Gotast" {Spirit Rampage}
 99947 | Elf:3    | Identified the +2 scale mail "Hegeahep" {Dex+3}
100048 | Elf:3    | Identified the +3 halberd "Gauth" {freeze, +Blink rPois
                  | SInv}
100588 | Elf:3    | Found the +8 storm bow {elec, penet}
100592 | Elf:3    | Identified the +4 shortbow of Defilement {speed, rPois
                  | Int-4 SInv}
100603 | Elf:3    | Identified the staff of Circularity {rPois rF+ Fire}
101433 | Crypt:3  | Killed Mennas
101754 | Crypt:3  | Found a staircase to the Tomb.
101762 | Crypt:3  | Identified the ring "Juipanto" {Fly rF+ rN+ Str-3 Stlth+}
101762 | Crypt:3  | Identified the ring of Xet Donuoch {*Slow rN+ Str+5 Dex+5}
102208 | Tomb:1   | Entered Level 1 of the Tomb of the Ancients
102354 | Tomb:1   | Reached skill level 25 in Shields
103283 | Slime:1  | Entered Level 1 of the Pits of Slime
104490 | Slime:2  | Found a viscous altar of Jiyva.
104938 | Slime:3  | Reached XP level 25. HP: 206/217 MP: 0/23
106014 | Slime:5  | Entered Level 5 of the Pits of Slime
106014 | Slime:5  | Found the +3 warlock's mirror {omnireflect}
106274 | Slime:5  | Found the +4 consecrated labrys {holy, Valiant Fragile Fly
                  | SInv}
106468 | Slime:5  | Noticed the Royal Jelly
106764 | Slime:5  | Found a viscous altar of Jiyva.
107161 | Slime:5  | Killed the Royal Jelly
107340 | Slime:5  | Identified the ring "Jomealaaf" {EV+5 Int+6}
107342 | Slime:5  | Identified the staff of Distraction {rC+ Dex+6 Ice}
107345 | Slime:5  | Identified the ring "Nom Gioq" {Fly rPois rC- Int+6}
107363 | Slime:5  | Identified the ring "Qeiphin" {rPois MP+9}
107410 | Slime:5  | Got a slimy rune of Zot
107443 | Slime:5  | Identified the +0 chain mail "Isen" {-Cast Fly Dex+4}
107454 | Slime:5  | Identified the +6 trident of the Manifold Beggars {freeze,
                  | rElec}
108510 | Shoals:1 | Bought the +2 cloak of the Thief {*Fog Slay-2 SInv Stlth+}
                  | for 562 gold pieces
108510 | Shoals:1 | Found the +2 cloak of the Thief {*Fog Slay-2 SInv Stlth+}
108855 | Depths:3 | Voluntarily entered the Abyss.
109145 | Abyss:3  | Reached skill level 26 in Shields
109294 | Depths:3 | Escaped the Abyss
109502 | Depths:3 | Bought the +2 pair of slick slippers {slick, slippery,
                  | EV+4} for 1685 gold pieces
109502 | Depths:3 | Found the +2 pair of slick slippers {slick, slippery, EV+4}
109513 | Depths:3 | Bought a shiny helmet for 330 gold pieces
110149 | Depths:3 | Voluntarily entered the Abyss.
110267 | Depths:3 | Escaped the Abyss
110269 | Depths:3 | Voluntarily entered the Abyss.
110272 | Abyss:3  | Found a corrupted altar of Lugonu.
110343 | Abyss:3  | Found a corrupted altar of Lugonu.
110474 | Abyss:4  | Paralysed by you for 4 turns
110764 | Abyss:4  | Got an abyssal rune of Zot
110850 | Depths:3 | Escaped the Abyss
111108 | Depths:4 | Bought a pair of steaming gloves for 418 gold pieces
111108 | Depths:4 | Identified the +0 pair of gloves of the Catamount {rPois
                  | rC+ Int+5 Stlth-} (You bought it in a shop on level 4 of
                  | the Depths)
111117 | Zot:1    | Entered Level 1 of the Realm of Zot
111143 | Zot:1    | Identified the +7 morningstar of Balance {freeze, Fly rC-
                  | Str+8}
111536 | Zot:1    | Found Hatil's CLEARANCE SALE!.
111621 | Zot:1    | Reached XP level 26. HP: 149/231 MP: 21/23
111966 | Zot:1    | Found a runed translucent gate.
111967 | Zot:1    | Found a runed translucent gate.
111967 | Zot:1    | Found a runed translucent gate.
111969 | Zot:1    | Noticed Heerchaexodu's ghost (veteran OgBe)
113035 | D:11     | Killed liarliar's ghost
113054 | D:11     | Acquired 893 gold pieces
113670 | Zot:2    | Noticed an ancient lich
113683 | Zot:2    | HP: 8/233 [electric golem/bolt of lightning (8)]
114431 | Zot:1    | Killed an ancient lich
115706 | Zot:1    | Reached skill level 27 in Shields
116503 | Zot:2    | Reached skill level 15 in Dodging
116815 | Zot:2    | You are sucked into a shaft and drop 2 floors!
116817 | Zot:4    | heck
116940 | Zot:3    | Found the +4 dragonskin cloak
116940 | Zot:3    | Noticed Tiamat
117409 | Depths:3 | Voluntarily entered the Abyss.
118047 | Abyss:4  | Found a corrupted altar of Lugonu.
118265 | Depths:3 | Escaped the Abyss
118376 | Depths:3 | Voluntarily entered the Abyss.
118443 | Depths:3 | Escaped the Abyss
118537 | Hell     | Entered the Vestibule of Hell
118537 | Hell     | Noticed Geryon
119516 | Tomb:1   | Noticed a royal mummy
119893 | Tomb:1   | Reached XP level 27. HP: 242/242 MP: 22/23
119946 | Tomb:1   | Killed a royal mummy
120407 | Tomb:1   | Noticed a royal mummy
120441 | Tomb:1   | Killed a royal mummy
121147 | Depths:4 | Voluntarily entered the Abyss.
121228 | Depths:4 | Escaped the Abyss
121230 | Depths:4 | Voluntarily entered the Abyss.
121234 | Depths:4 | Escaped the Abyss
121236 | Depths:4 | Voluntarily entered the Abyss.
121247 | Abyss:4  | Found a corrupted altar of Lugonu.
121311 | Depths:4 | Escaped the Abyss
121313 | Depths:4 | Voluntarily entered the Abyss.
121685 | Depths:4 | Escaped the Abyss
121776 | Depths:4 | Voluntarily entered the Abyss.
121826 | Abyss:4  | Paralysed by accursed screaming for 1 turns
122171 | Depths:4 | Escaped the Abyss
122579 | Vaults:2 | Bought the +5 broad axe "Zimappy" {vamp, Int+3} for 553
                  | gold pieces
122806 | Depths:3 | Voluntarily entered the Abyss.
122843 | Depths:3 | Escaped the Abyss
122845 | Depths:3 | Voluntarily entered the Abyss.
123098 | Depths:3 | Escaped the Abyss
124608 | Zot:3    | Identified the +5 dire flail "Wuymmey" {venom, Dex+3}
125753 | Depths:4 | HP: 12/247 [searing wretch (10)]
125754 | Depths:4 | Slain by a searing wretch

Illustrated notes #.. #..# #.. ##..## #[. ##....## #..#..###.## #.N.## ##.## #.N## ##.## #... #..# ..N.. ##..# ..####. #@.## . #. #### .. .# Turn 56567 on Snake:4: oh damn #### ########....##.# ###.### .#.###....#.#.......# #...# ###..##.........)...# #..## ..#.................# #..## ....................# ##)..# .......############.# #.÷.## .......#.........##.# ##..# .......#.#.#.#.#.##.# ###.## .......'........@∩#.# #....## .......#.#.#.#.#.##.####.÷...#### .##....#.........##.............# ####...############............## #########.....................## .##...##......................# ..##..##......................# ...#......................#...# ##.#.......................#.## Turn 86752 on Depths:1: lol

,,,,,,,,* *,,,,,,,,,,,*,,*,*,
,,,,,,,,*######........#**,,,*,*,
,,,,,,,,,#####..#......# **,**,,*
,,,,,,,,,#####..###.$..#* **,,,,,
,,,,,,,,,.####.#####....** *,,,,,
,,,,,,,,,..###..#####...,***,,,,,
,,,>,,,,*...##..######..,,,,,,,,*
,*,,,,,,*#......#######.,,,,,,,**
,,*,,,,,,##.....@#######,,,,,,***
,,*,,,,,,###.....#######*,,,,,***
,,**,,,,,###......######*,,,,,,**
*,,**,,,,####......#####**,,,,,,,
*,,***,,,.####.......###***,,,,,,
**,,**,,<..###..........*,,,,,,,,
*,,***,,..####.........,,,****,,
**,,**,,...#####....$##**** ***
*,,***,,,,,** **,,,,**


Turn 116817 on Zot:4: heck

Levels and vault maps discovered:
D:1:      dpeg_arrival_simpleton_a, layout_basic
D:2:      layout_loops_corners, basic_altar
D:3:      layout_basic, nemelex_diamond_rough_becter, basic_ecumenical_altar
D:4:      layout_basic, mainiacjoe_overflow_alcove_4
D:5:      layout_loops_ring, nicolae_tso_carved_into_rock,
          nicolae_overflow_hidden_temple, minmay_temple_entry_wispy
D:6:      layout_loops_ring, uniq_prince_ribbit1
D:7:      layout_cave_pods, cheibrodos_worm_habitat, uniq_pikel, uniq_menkaure
D:8:      gammafunk_boulding_lane, layout_loops_ring
D:9:      layout_roguey [special_room_orc], old_standard_altar,
          david_lair_generic, chequers_big_river
D:10:     layout_rooms, nicolae_ru_the_path_less_chosen,
          grunt_temple_overflow_champion_of_chaos
D:11:     layout_cave_pools, gammafunk_ghost_wrathful_warriors
D:12:     layout_loops_corners, david_orc_5
D:13:     layout_roguey, grunt_vaults_entry_tiered, kennysheep_generic_room_8
D:14:     layout_layer_cave, eino_tiny_chamber
D:15:     hellmonk_depths_entry_around_the_bend, layout_irregular_city,
          minmay_misc_feat_diagonals
Lair:1:   layout_misc_corridors, nzn_sisyphean_effort, grunt_megastairs_5,
          serial_bayou_shore_a, uniq_grum, uniq_gastronok, uniq_jeremiah
Lair:2:   cheibrodos_lair_overgrown_chateau, layout_regular_city,
          elwin_shoals_entry_rocks, uniq_maggie
Lair:3:   layout_roguey, minmay_snake_entry_guardpost_small, grunt_megastairs_1
Lair:4:   layout_gridlike, slime_entry_2, portal_ice_cave_entry_pillars_2,
          cheibrodos_lair_caveside_slide, grunt_megastairs_3
Lair:5:   evilmike_catoblepas_cave, layout_gridlike
Shoals:1: layout_shoals, serial_shops, shop, nicolae_shop_tiny_glass,
          nicolae_shoals_lost_giant_baths
Shoals:2: layout_shoals, uniq_ilsuiw
Shoals:3: layout_shoals, nicolae_shop_vocational, uniq_jorgrun
Shoals:4: shoals_end_hellmonk_storm_palace [storm_palace_center_ruins,
          storm_palace_corner_grid, storm_palace_corner_blocked,
          storm_palace_corner_pillars, storm_palace_corner_altar]
Snake:1:  layout_honeycomb
Snake:2:  layout_misc_corridors, serial_shops, shop, minmay_snake_pond,
          nicolae_triple_integral, uniq_aizul
Snake:3:  layout_onion, uniq_asterion, uniq_vashnia, uniq_azrael
Snake:4:  snake_pit_salamanders_mu, layout_layer_cave, serial_shops,
          nicolae_shop_tiny_waterfront, nicolae_shop_tiny_real_fake_doors,
          st_stairs_1, lemuel_fruit_tree
Slime:1:  layout_caves
Slime:2:  nicolae_slime_infinislime, layout_caves, basic_altar
Slime:3:  layout_caves, cheibrodos_slime_lost_civilization_6
Slime:4:  layout_caves
Slime:5:  slime_pit_nicolae_jellycorners
Orc:1:    layout_caves
Orc:2:    st_orc_congregation, layout_diamond_mine, basic_altar, serial_shops,
          nicolae_diamond_shop
Elf:1:    eino_elf_arrival_altar, layout_onion_city, serial_shops,
          nicolae_shop_stone, shop, nicolae_book_shop_shelving,
          nicolae_shop_tiny_real_fake_doors, orc_legates, uniq_nikola
Elf:2:    elven_hall_of_blades_hangedman_original [nooodl_blade_entry_preview],
          layout_loops_cross, wad_floor_pattern_1, lemuel_flamethrower_2
Elf:3:    minmay_elf_hall_statues, layout_geoelf_octagon, st_stairs_11,
          hangedman_elven_pyramids, fountainhead, uniq_norris
Vaults:1: ontoclasm_vaults_ring_small, v_pattern_2,
          nicolae_vaults_twisting_passages, nicolae_vaults_door_testing_chamber,
          ontoclasm_vaults_misaligned, v_rooms_5, serial_ice_b, v_rooms_3,
          nicolae_vaults_storage_closets_1, nicolae_vaults_display_case,
          nicolae_vaults_little_squares_6, vaults_room_pool,
          vaults_room_stairs_pillars, layout_vaults_omnicross, serial_shops,
          bzr_in_the_mist
Vaults:2: v_misc_13, nicolae_vaults_minivaults, ontoclasm_vaults_eye,
          nicolae_vaults_closet_pinwheel_5, v_misc_17, vaults_dpeg_encased_lava,
          nicolae_vaults_little_squares_3, v_rooms_6,
          nicolae_vaults_taking_the_gang_shopping, vaults_room_door_ring,
          v_misc_22, nicolae_vaults_offset_grid_hallway_1,
          nicolae_vaults_weapon_check, nicolae_vaults_closet_pinwheel_4,
          layout_vaults_ring, uniq_zenata, uniq_jory, uniq_margery
Vaults:3: ontoclasm_vaults_shuriken, minmay_crypt_entry_necro_gods,
          nicolae_vaults_wrenched, nicolae_vaults_storage_closets_3,
          nicolae_vaults_network_square, st_cells, v_misc_9, v_misc_4,
          layout_vaults_quadrants, serial_shops, nicolae_shop_peninsula
Vaults:4: nicolae_vaults_triangles, nicolae_vaults_closet_pinwheel_5,
          nicolae_vaults_three_branches, ontoclasm_vaults_ligature,
          vaults_dpeg_doors, vaults_standard_mumra_x, v_misc_31,
          ontoclasm_vaults_idyll, nicolae_vaults_octothorpe,
          vaults_room_stairs_pillars, nicolae_vaults_tetromino_T_1, v_misc_10,
          layout_vaults_big_room, serial_shops,
          nicolae_shop_pleasant_corner_grove
Vaults:5
Crypt:1:  layout_gridlike, uniq_josephina
Crypt:2:  layout_misc_corridors, mu_enter_wizlab_1, st_stairs_13, minivault_5,
          nicolae_letterblocks [nicolae_letter_subblock,
          nicolae_letter_subblock, nicolae_letter_subblock,
          nicolae_letter_subblock, nicolae_letter_subblock,
          nicolae_letter_subblock, nicolae_letter_subblock,
          nicolae_letter_subblock, nicolae_letter_subblock,
          nicolae_letter_subblock, nicolae_letter_subblock,
          nicolae_letter_subblock, nicolae_letter_subblock,
          nicolae_letter_subblock, nicolae_letter_subblock,
          nicolae_letter_subblock, nicolae_letter_subblock,
          nicolae_letter_subblock, nicolae_letter_subblock,
          nicolae_letter_subblock, nicolae_letter_subblock,
          nicolae_letter_subblock, nicolae_letter_subblock,
          nicolae_letter_subblock, nicolae_letter_subblock], grunt_megastairs_2
Crypt:3:  cryptofortress_bobbens, uniq_frederick, uniq_mennas
Tomb:1
Depths:1: layout_forbidden_donut, minmay_strange_pillars,
          nicolae_trove_entry_columns, lightli_too_deep, lightli_giant_bouncers
Depths:2: dreamdust_hydra_shepherd, layout_cave_shapes, hangedman_geh_valley,
          lemuel_round_altar, rand_demon_pan_entry_1,
          infiniplex_staircase_zigzag_3
Depths:3: minmay_quantized_circle, layout_gridlike, abyss_entry,
          grunt_hell_entry_dis_mu, evilmike_ruin_ashenzari,
          minmay_misc_feat_five, firewood_loft, minmay_staircase_bubble,
          uniq_boris, uniq_xtahua, uniq_parghit
Depths:4: grunt_zot_entry_tricorne, layout_gridlike, enter_ziggurat_c,
          chequers_serial_rivers_room_b, hell_entry, abyss_entry_crystal,
          minmay_fountain_box
Hell
Zot:1:    layout_misc_corridors, gammafunk_ghost_necromancy,
          nicolae_shop_clearance
Zot:2:    ebering_greatest_show_in_zot, layout_misc_corridors,
          skrybe_zot_glass_3
Zot:3:    layout_basic, uniq_tiamat
Zot:4:    layout_cathedral_of_symmetry, uniq_vv

Skill      XL: |  1  2  3  4  5  6  7  8  9 10 11 12 13 14 15 16 17 18 19 20 21 22 23 24 25 26 27 |
---------------+----------------------------------------------------------------------------------+-----
Axes           | 2 3 4 5 6 7 8 9 10 13 14 16 17 18 | 18.0
Armour         | 3 5 6 8 9 11 12 16 17 | 17.9
Shields        | 2 4 6 8 9 10 11 13 16 18 20 21 23 25 26 27 | 27.0
Fighting       | 5 6 7 8 9 12 13 15 18 22 24 25 26 | 26.8
Dodging        | 2 4 6 7 8 9 10 11 12 13 14 16 | 16.7
Stealth        | |  4.3

Action                     |  1- 3 |  4- 6 |  7- 9 | 10-12 | 13-15 | 16-18 | 19-21 | 22-24 | 25-27 || total
---------------------------+-------+-------+-------+-------+-------+-------+-------+-------+-------++-------
  Melee: Hand axe          |   106 |   232 |   643 |   205 |       |       |       |       |       ||  1186
         Punch             |     1 |     2 |       |       |       |       |       |       |       ||     3
         War axe           |       |       |       |   782 |  1504 |       |       |    33 |       ||  2319
         Broad axe         |       |       |       |       |   575 |  2061 |  1761 |  1605 |  2313 ||  8315
  Throw: Javelin           |       |     7 |     4 |     9 |     4 |       |       |       |       ||    24
         Dart              |       |     4 |    19 |    78 |    62 |     8 |     5 |     5 |     1 ||   182
         Boomerang         |       |       |    10 |       |       |     4 |     1 |       |       ||    15
         Throwing net      |       |       |       |       |       |     3 |     3 |       |     1 ||     7
 Invoke: Call Merchant     |       |       |       |     1 |     1 |       |       |       |     3 ||     5
         Potion Petition   |       |       |       |     1 |     2 |     5 |     3 |     6 |    17 ||    34
  Evoke: Wand              |       |       |     3 |    36 |    41 |    24 |     3 |    11 |    20 ||   138
         Phial of floods   |       |       |       |     1 |     1 |     2 |       |     1 |     3 ||     8
         Condenser vane    |       |       |       |       |       |     2 |     1 |     1 |     1 ||     5
         Sack of spiders   |       |       |       |       |       |     2 |     2 |     2 |     2 ||     8
    Use: Scroll            |       |       |       |    24 |    15 |    12 |     7 |     9 |    27 ||    94
   Stab: Sleeping          |    12 |     3 |       |       |       |       |       |       |       ||    15
         Distracted        |       |     1 |     1 |     3 |    11 |    18 |    11 |    15 |    21 ||    81
         Paralysed         |       |       |       |       |    18 |       |       |       |     2 ||    20
         Held in net/web   |       |       |       |       |       |       |     4 |       |     1 ||     5
         Invisible         |       |       |       |       |       |       |     4 |       |     7 ||    11
         Petrified         |       |       |       |       |       |       |       |       |     1 ||     1
 Armour: Leather armour    |    19 |       |       |       |       |       |       |       |       ||    19
         Ring mail         |    45 |    57 |       |       |       |       |       |       |       ||   102
         Chain mail        |       |   134 |   456 |   756 |       |       |       |       |       ||  1346
         Crystal plate arm |       |       |       |    76 |    46 |   169 |   423 |       |       ||   714
         Plate armour      |       |       |       |     3 |  1427 |  1286 |       |       |       ||  2716
         Gold dragon scale |       |       |       |       |       |       |   832 |  1515 |  1978 ||  4325
  Dodge: Dodged            |    47 |   103 |   187 |   377 |   473 |   499 |   387 |   529 |   856 ||  3458
  Block: Buckler           |       |       |   168 |   419 |   623 |       |       |       |       ||  1210
         Kite shield       |       |       |       |       |   369 |  1418 |  1340 |  1545 |  1984 ||  6656
         Tower shield      |       |       |       |       |       |       |       |       |   249 ||   249

Table legend: (Time is in decaauts)
 A = Elapsed time spent in this place.
 B = Non-inter-level travel time spent in this place.
 C = Inter-level travel time spent in this place.
 D = Time resting spent in this place.
 E = Time spent auto-exploring this place.
 F = Levels seen in this place.
 G = Mean time per level.
                   A        B        C        D        E       F      G
               +--------+--------+--------+--------+--------+-----+--------+
         Total | 125121 | 107966 |  17155 |  41681 |  35219 |  74 | 1690.8 |
       Dungeon |  28186 |  21643 |   6543 |   7310 |   9073 |  15 | 1879.1 |
          Lair |  15339 |  12979 |   2360 |   6183 |   3621 |   5 | 3067.8 |
        Shoals |   7514 |   6868 |    646 |   2236 |   2026 |   4 | 1878.5 |
     Snake Pit |  14239 |  12710 |   1529 |   6677 |   3135 |   4 | 3559.8 |
    Slime Pits |   4597 |   4109 |    488 |    888 |   2184 |   5 |  919.4 |
  Orcish Mines |   5398 |   4910 |    488 |   2752 |    802 |   2 | 2699.0 |
   Elven Halls |   8489 |   8085 |    404 |   4059 |   2116 |   3 | 2829.7 |
        Vaults |  12014 |  10654 |   1360 |   2512 |   4645 |   5 | 2402.8 |
         Crypt |   4468 |   3911 |    557 |    626 |   1761 |   3 | 1489.3 |
          Tomb |   2075 |   1928 |    147 |    795 |    305 |   1 | 2075.0 |
        Depths |  11094 |   8890 |   2204 |   3248 |   3607 |   4 | 2773.5 |
          Hell |     61 |     61 |      0 |      0 |      0 |   1 |   61.0 |
           Zot |   7447 |   7023 |    424 |   3773 |   1626 |   4 | 1861.8 |
         Abyss |   3218 |   3218 |      0 |    471 |    143 |  14 |  229.9 |
        Bazaar |    193 |    193 |      0 |      0 |    126 |   1 |  193.0 |
         Trove |     78 |     78 |      0 |      0 |      0 |   1 |   78.0 |
      Ice Cave |    209 |    209 |      0 |    100 |      0 |   1 |  209.0 |
        Wizlab |    494 |    494 |      0 |     46 |     47 |   1 |  494.0 |
               +--------+--------+--------+--------+--------+-----+--------+

Top non-repeatable levels by time:
   Elf:3: 5156 daAuts
 Snake:4: 4570 daAuts
 Snake:2: 3950 daAuts
    D:12: 3765 daAuts
  Lair:1: 3681 daAuts
   Zot:1: 3585 daAuts
  Lair:5: 3518 daAuts
Depths:3: 3511 daAuts
     D:9: 3081 daAuts
 Snake:1: 2902 daAuts
Vaults:5: 2895 daAuts
  Lair:4: 2872 daAuts
 Snake:3: 2817 daAuts
     D:8: 2785 daAuts
Depths:4: 2765 daAuts
